[ PARTIDA AOE2 · #480176684 ]
Team RMShu vs Magyars
[ ANÁLISIS DE REPETICIÓN · EXTRAÍDO DE LA PARTIDA GRABADA ]
Feudal
9:49
Castillos
24:44
Imperial
42:33
| APM promedio | 42.3 |
| APM pico | 120 |
| eAPM promedio | 19.8 |
| Aldeanos / militares | 109 / 89 |
Foco
⚔️ 33.8% · 🌾 66.2%
Archer ×78 · Unknown (1944) ×25 · Battering Ram ×6 · Mangonel ×4 · Unknown (1962) ×4 · Skirmisher ×1
Feudal
12:04
Castillos
20:23
Imperial
43:59
| APM promedio | 31.6 |
| APM pico | 64 |
| eAPM promedio | 12.7 |
| Aldeanos / militares | 86 / 211 |
Foco
⚔️ 30.0% · 🌾 70.0%
Genitour ×115 · Camel Archer ×53 · Camel Scout ×38 · Spearman ×5
Feudal
10:46
Castillos
23:50
Imperial
44:36
| APM promedio | 33.0 |
| APM pico | 74 |
| eAPM promedio | 12.4 |
| Aldeanos / militares | 70 / 71 |
Foco
⚔️ 30.0% · 🌾 70.0%
Conquistador ×58 · Trebuchet (Packed) ×7 · Scout Cavalry ×6
Feudal
—
Castillos
—
Imperial
—
| APM promedio | 28.7 |
| APM pico | 63 |
| eAPM promedio | 15.7 |
| Aldeanos / militares | 154 / 94 |
Foco
⚔️ 30.9% · 🌾 69.1%
Woad Raider ×52 · Skirmisher ×19 · Scorpion ×10 · Mangonel ×7 · Militia ×3 · Trebuchet (Packed) ×3
Feudal
12:31
Castillos
27:00
Imperial
37:40
| APM promedio | 26.2 |
| APM pico | 75 |
| eAPM promedio | 12.0 |
| Aldeanos / militares | 102 / 54 |
Foco
⚔️ 30.6% · 🌾 69.4%
Militia ×41 · Battering Ram ×7 · Spearman ×4 · Mangonel ×2
Feudal
11:34
Castillos
17:02
Imperial
41:27
| APM promedio | 52.1 |
| APM pico | 98 |
| eAPM promedio | 24.9 |
| Aldeanos / militares | 160 / 113 |
Foco
⚔️ 19.5% · 🌾 80.5%
Cavalry Archer ×54 · Magyar Huszar ×53 · Trebuchet (Packed) ×6
Mapa de la partida
Recursos iniciales + cada clic de construcción. Líneas = muros · curvas = relieve. ◆ oro · ⬟ piedra · ● bayas · ✦ reliquia · ◌ hueco del cierre
Tu base· ✓ Cerrada en 24:44 · 53t muro · 2 puerta(s)
Base de san_siro· ✓ Cerrada en 20:23 · 58t muro · 1 puerta(s)
Base de Jan Žižka· Abierta — flanco sin cerrar
Base de Sneg2442· Abierta — flanco sin cerrar
Base de 节操· ✓ Cerrada en 27:00 · 46t muro · 1 puerta(s)
Base de Jenda1cz· Abierta — flanco sin cerrar
Terreno inicial suavizado · ◌ = hueco del cierre detectado · pasá el cursor para detalles
Inputs por minuto
— 阿家 - - san_siro
Build order — 阿家
Primeras 150 de 361 acciones detectadas
| 0:02 | Construir | House |
| 0:03 | Construir | House |
| 0:06 | Crear | Villager (Male) |
| 0:06 | Crear | Villager (Male) |
| 0:07 | Crear | Villager (Male) |
| 0:07 | Crear | Villager (Male) |
| 1:43 | Crear | Villager (Male) |
| 1:43 | Crear | Villager (Male) |
| 1:55 | Crear | Villager (Male) |
| 1:55 | Crear | Villager (Male) |
| 2:18 | Crear | Villager (Male) |
| 2:19 | Crear | Villager (Male) |
| 2:39 | Construir | Lumber Camp |
| 2:46 | Crear | Villager (Male) |
| 2:46 | Crear | Villager (Male) |
| 2:46 | Crear | Villager (Male) |
| 3:07 | Construir | House |
| 3:16 | Crear | Villager (Male) |
| 3:16 | Crear | Villager (Male) |
| 3:46 | Crear | Villager (Male) |
| 3:46 | Crear | Villager (Male) |
| 4:18 | Crear | Villager (Male) |
| 4:19 | Crear | Villager (Male) |
| 4:51 | Crear | Villager (Male) |
| 5:17 | Construir | Mill |
| 5:42 | Crear | Villager (Male) |
| 6:05 | Construir | House |
| 6:08 | Crear | Villager (Male) |
| 6:43 | Construir | Mining Camp |
| 6:45 | Crear | Villager (Male) |
| 6:52 | Investigar | Loom |
| 7:17 | Construir | Palisade Wall |
| 7:39 | Investigar | Feudal Age |
| 7:46 | Construir | Palisade Gate |
| 7:52 | Construir | Palisade Wall |
| 7:54 | Construir | Palisade Wall |
| 8:00 | Construir | Palisade Wall |
| 8:01 | Construir | Palisade Wall |
| 8:03 | Construir | Palisade Wall |
| 8:14 | Construir | Palisade Gate |
| 9:09 | Construir | Palisade Wall |
| 9:12 | Construir | Palisade Wall |
| 9:49 | Edad | Edad Feudal |
| 9:54 | Crear | Villager (Male) |
| 9:58 | Investigar | Double-Bit Axe |
| 10:02 | Investigar | Gold Mining |
| 10:05 | Investigar | Wheelbarrow |
| 10:29 | Construir | Palisade Wall |
| 10:33 | Crear | Villager (Male) |
| 10:34 | Crear | Villager (Male) |
| 11:03 | Investigar | Horse Collar |
| 11:18 | Construir | Barracks |
| 11:22 | Crear | Villager (Male) |
| 11:24 | Crear | Villager (Male) |
| 11:58 | Crear | Villager (Male) |
| 12:13 | Construir | Archery Range |
| 12:24 | Construir | House |
| 12:46 | Construir | House |
| 13:03 | Crear | Archer |
| 13:03 | Crear | Archer |
| 13:04 | Crear | Archer |
| 13:14 | Crear | Villager (Male) |
| 13:24 | Construir | House |
| 13:25 | Construir | House |
| 13:31 | Crear | Archer |
| 13:46 | Construir | Archery Range |
| 13:55 | Construir | House |
| 14:03 | Crear | Villager (Male) |
| 14:03 | Crear | Villager (Male) |
| 14:03 | Crear | Villager (Male) |
| 14:37 | Construir | Farm |
| 14:39 | Construir | Farm |
| 14:42 | Crear | Archer |
| 14:43 | Crear | Archer |
| 14:43 | Crear | Archer |
| 14:52 | Crear | Villager (Male) |
| 14:53 | Crear | Villager (Male) |
| 15:01 | Construir | Farm |
| 15:12 | Crear | Archer |
| 15:12 | Crear | Archer |
| 15:13 | Crear | Archer |
| 15:23 | Crear | Villager (Male) |
| 15:24 | Crear | Villager (Male) |
| 15:47 | Construir | Market |
| 15:50 | Crear | Villager (Male) |
| 15:50 | Crear | Villager (Male) |
| 15:50 | Crear | Villager (Male) |
| 16:05 | Crear | Villager (Male) |
| 16:05 | Crear | Villager (Male) |
| 16:18 | Crear | Archer |
| 16:18 | Crear | Archer |
| 16:18 | Crear | Archer |
| 16:28 | Crear | Archer |
| 16:38 | Construir | Blacksmith |
| 16:42 | Crear | Villager (Male) |
| 16:43 | Crear | Villager (Male) |
| 16:43 | Crear | Villager (Male) |
| 16:50 | Construir | House |
| 16:53 | Construir | House |
| 17:29 | Construir | Farm |
| 17:30 | Construir | Farm |
| 17:31 | Crear | Villager (Male) |
| 17:31 | Crear | Villager (Male) |
| 17:44 | Construir | Farm |
| 17:49 | Investigar | Fletching |
| 17:49 | Investigar | Padded Archer Armor |
| 18:13 | Construir | Outpost |
| 19:06 | Construir | Farm |
| 19:07 | Construir | Farm |
| 19:07 | Construir | Farm |
| 19:07 | Construir | Farm |
| 19:07 | Construir | Farm |
| 19:08 | Construir | Farm |
| 19:33 | Construir | Watch Tower |
| 20:07 | Construir | Farm |
| 20:16 | Crear | Archer |
| 20:16 | Crear | Archer |
| 20:17 | Crear | Archer |
| 20:17 | Crear | Archer |
| 20:17 | Crear | Archer |
| 20:24 | Crear | Villager (Male) |
| 20:24 | Crear | Villager (Male) |
| 20:24 | Crear | Villager (Male) |
| 21:13 | Construir | Mining Camp |
| 21:30 | Crear | Villager (Male) |
| 21:37 | Investigar | Castle Age |
| 22:21 | Crear | Archer |
| 22:22 | Crear | Archer |
| 22:22 | Crear | Archer |
| 22:53 | Construir | Farm |
| 22:54 | Construir | Farm |
| 23:00 | Construir | Mining Camp |
| 23:20 | Construir | House |
| 23:21 | Construir | House |
| 23:22 | Construir | House |
| 23:48 | Crear | Archer |
| 23:49 | Crear | Archer |
| 23:55 | Investigar | Stone Mining |
| 24:21 | Construir | Farm |
| 24:28 | Crear | Archer |
| 24:28 | Crear | Archer |
| 24:28 | Crear | Archer |
| 24:28 | Crear | Archer |
| 24:29 | Crear | Archer |
| 24:44 | Edad | Edad de los Castillos |
| 24:46 | Construir | House |
| 24:47 | Construir | House |
| 24:49 | Crear | Villager (Male) |
| 24:49 | Crear | Villager (Male) |
| 24:51 | Construir | Town Center |
Build order — san_siro
Primeras 150 de 296 acciones detectadas
| 0:01 | Crear | Villager (Male) |
| 0:01 | Crear | Villager (Male) |
| 0:02 | Crear | Villager (Male) |
| 0:02 | Crear | Villager (Male) |
| 0:04 | Construir | House |
| 0:09 | Construir | House |
| 1:33 | Crear | Villager (Male) |
| 1:53 | Crear | Villager (Male) |
| 2:46 | Crear | Villager (Male) |
| 3:21 | Crear | Villager (Male) |
| 3:55 | Crear | Villager (Male) |
| 4:14 | Crear | Villager (Male) |
| 4:25 | Construir | House |
| 4:28 | Construir | House |
| 4:33 | Construir | Lumber Camp |
| 4:41 | Crear | Villager (Male) |
| 4:53 | Crear | Villager (Male) |
| 5:32 | Crear | Villager (Male) |
| 5:59 | Crear | Villager (Male) |
| 6:13 | Crear | Villager (Male) |
| 6:31 | Crear | Villager (Male) |
| 7:15 | Crear | Villager (Male) |
| 7:22 | Construir | Mill |
| 7:30 | Crear | Villager (Male) |
| 7:52 | Crear | Villager (Male) |
| 8:57 | Crear | Villager (Male) |
| 8:57 | Crear | Villager (Male) |
| 9:34 | Construir | Mining Camp |
| 9:39 | Construir | Farm |
| 9:45 | Construir | House |
| 9:54 | Investigar | Feudal Age |
| 9:58 | Construir | Barracks |
| 10:05 | Construir | Farm |
| 10:20 | Construir | Palisade Wall |
| 10:21 | Construir | Palisade Wall |
| 10:23 | Construir | Palisade Wall |
| 10:37 | Construir | Palisade Wall |
| 10:42 | Construir | Palisade Wall |
| 10:45 | Construir | Palisade Wall |
| 11:04 | Construir | Palisade Wall |
| 11:10 | Construir | Palisade Wall |
| 11:25 | Construir | Palisade Wall |
| 11:37 | Crear | Villager (Male) |
| 11:37 | Crear | Villager (Male) |
| 11:58 | Crear | Villager (Male) |
| 11:59 | Crear | Villager (Male) |
| 12:04 | Edad | Edad Feudal |
| 12:07 | Investigar | Double-Bit Axe |
| 12:13 | Construir | Stable |
| 12:20 | Crear | Villager (Male) |
| 12:35 | Construir | Farm |
| 12:50 | Construir | Palisade Wall |
| 13:00 | Construir | Farm |
| 13:06 | Crear | Villager (Male) |
| 13:40 | Construir | Lumber Camp |
| 14:24 | Crear | Spearman |
| 14:40 | Investigar | Loom |
| 14:48 | Construir | House |
| 14:50 | Construir | House |
| 14:51 | Construir | House |
| 14:52 | Construir | House |
| 15:08 | Investigar | Town Watch |
| 15:50 | Crear | Spearman |
| 16:12 | Construir | House |
| 16:13 | Construir | House |
| 16:15 | Crear | Spearman |
| 16:40 | Construir | Market |
| 16:45 | Construir | Blacksmith |
| 16:49 | Construir | House |
| 17:05 | Construir | House |
| 17:09 | Construir | House |
| 17:12 | Construir | House |
| 17:29 | Construir | House |
| 17:30 | Construir | House |
| 17:31 | Construir | House |
| 17:35 | Construir | Farm |
| 17:39 | Construir | Farm |
| 17:41 | Construir | Farm |
| 17:41 | Construir | Farm |
| 17:43 | Investigar | Castle Age |
| 17:59 | Construir | Farm |
| 17:59 | Construir | Farm |
| 18:02 | Construir | Farm |
| 18:07 | Construir | House |
| 18:36 | Construir | Gate |
| 18:50 | Construir | House |
| 18:57 | Crear | Spearman |
| 18:58 | Crear | Spearman |
| 19:11 | Construir | House |
| 19:22 | Construir | House |
| 19:31 | Construir | House |
| 19:33 | Construir | House |
| 19:56 | Investigar | Horse Collar |
| 19:59 | Investigar | Gold Mining |
| 20:23 | Edad | Edad de los Castillos |
| 20:28 | Construir | Town Center |
| 20:34 | Crear | Villager (Male) |
| 20:34 | Crear | Villager (Male) |
| 20:58 | Construir | Stone Wall |
| 21:01 | Construir | Stone Wall |
| 21:22 | Construir | Gate |
| 21:26 | Construir | House |
| 21:30 | Construir | Stone Wall |
| 21:38 | Construir | House |
| 21:40 | Construir | House |
| 21:48 | Crear | Villager (Male) |
| 21:49 | Crear | Villager (Male) |
| 21:49 | Crear | Villager (Male) |
| 21:49 | Crear | Villager (Male) |
| 21:54 | Crear | Villager (Male) |
| 21:54 | Crear | Villager (Male) |
| 22:27 | Construir | Archery Range |
| 22:59 | Investigar | Padded Archer Armor |
| 23:01 | Investigar | Fletching |
| 23:16 | Investigar | Bow Saw |
| 23:22 | Crear | Villager (Male) |
| 23:22 | Crear | Villager (Male) |
| 23:22 | Crear | Villager (Male) |
| 23:26 | Crear | Villager (Male) |
| 23:27 | Crear | Villager (Male) |
| 23:44 | Construir | Archery Range |
| 23:59 | Crear | Villager (Male) |
| 24:16 | Crear | Genitour |
| 24:16 | Crear | Genitour |
| 24:16 | Crear | Genitour |
| 24:25 | Crear | Genitour |
| 24:26 | Crear | Genitour |
| 24:34 | Crear | Genitour |
| 24:42 | Crear | Villager (Male) |
| 24:44 | Crear | Villager (Male) |
| 24:48 | Construir | Farm |
| 25:09 | Crear | Genitour |
| 25:12 | Crear | Genitour |
| 25:16 | Crear | Genitour |
| 25:16 | Crear | Genitour |
| 25:23 | Construir | Farm |
| 25:25 | Construir | Farm |
| 25:26 | Crear | Villager (Male) |
| 25:30 | Construir | Farm |
| 25:33 | Construir | Farm |
| 25:37 | Crear | Villager (Male) |
| 25:37 | Crear | Villager (Male) |
| 25:49 | Construir | Farm |
| 25:50 | Construir | Farm |
| 26:04 | Construir | Lumber Camp |
| 26:19 | Crear | Villager (Male) |
| 26:29 | Investigar | Leather Archer Armor |
| 26:35 | Construir | Farm |
| 27:31 | Construir | Farm |
| 27:33 | Investigar | Wheelbarrow |
Build order — Jan Žižka
Primeras 150 de 235 acciones detectadas
| 0:05 | Construir | House |
| 0:06 | Construir | House |
| 0:07 | Crear | Villager (Male) |
| 0:07 | Crear | Villager (Male) |
| 0:07 | Crear | Villager (Male) |
| 0:08 | Crear | Villager (Male) |
| 0:08 | Crear | Villager (Male) |
| 1:41 | Crear | Villager (Male) |
| 1:42 | Crear | Villager (Male) |
| 1:56 | Construir | Lumber Camp |
| 2:28 | Crear | Villager (Male) |
| 2:29 | Crear | Villager (Male) |
| 2:29 | Crear | Villager (Male) |
| 3:08 | Crear | Villager (Male) |
| 3:08 | Crear | Villager (Male) |
| 3:08 | Crear | Villager (Male) |
| 3:45 | Construir | Mill |
| 3:54 | Crear | Villager (Male) |
| 3:54 | Crear | Villager (Male) |
| 4:31 | Crear | Villager (Male) |
| 4:31 | Crear | Villager (Male) |
| 4:32 | Investigar | Loom |
| 4:52 | Construir | House |
| 4:54 | Construir | House |
| 5:22 | Crear | Villager (Male) |
| 5:22 | Crear | Villager (Male) |
| 5:50 | Crear | Villager (Male) |
| 6:34 | Crear | Villager (Male) |
| 6:34 | Crear | Villager (Male) |
| 6:34 | Crear | Villager (Male) |
| 8:01 | Crear | Villager (Male) |
| 8:36 | Investigar | Feudal Age |
| 8:52 | Crear | Villager (Male) |
| 8:52 | Crear | Villager (Male) |
| 9:23 | Construir | Barracks |
| 9:39 | Crear | Villager (Male) |
| 9:39 | Crear | Villager (Male) |
| 10:20 | Crear | Villager (Male) |
| 10:21 | Crear | Villager (Male) |
| 10:21 | Crear | Villager (Male) |
| 10:21 | Crear | Villager (Male) |
| 10:23 | Construir | House |
| 10:27 | Construir | Palisade Wall |
| 10:46 | Edad | Edad Feudal |
| 10:49 | Crear | Villager (Male) |
| 10:57 | Construir | Stable |
| 11:25 | Construir | House |
| 11:38 | Construir | Palisade Wall |
| 11:45 | Construir | Blacksmith |
| 11:47 | Crear | Scout Cavalry |
| 11:47 | Crear | Scout Cavalry |
| 11:47 | Crear | Scout Cavalry |
| 11:47 | Crear | Scout Cavalry |
| 12:01 | Construir | Mining Camp |
| 12:47 | Construir | Farm |
| 12:48 | Construir | Farm |
| 12:48 | Construir | Farm |
| 12:54 | Construir | Farm |
| 12:54 | Construir | Farm |
| 12:54 | Construir | Farm |
| 12:54 | Construir | Farm |
| 13:00 | Construir | House |
| 13:15 | Construir | Farm |
| 13:23 | Construir | House |
| 14:17 | Construir | Farm |
| 14:20 | Crear | Villager (Male) |
| 14:21 | Crear | Villager (Male) |
| 14:21 | Crear | Villager (Male) |
| 14:24 | Construir | Mining Camp |
| 15:27 | Crear | Villager (Male) |
| 15:28 | Crear | Villager (Male) |
| 15:47 | Construir | Farm |
| 16:38 | Construir | Market |
| 17:13 | Construir | Farm |
| 17:13 | Construir | Farm |
| 17:14 | Construir | Farm |
| 17:15 | Construir | Farm |
| 17:21 | Investigar | Castle Age |
| 18:06 | Crear | Scout Cavalry |
| 18:07 | Crear | Scout Cavalry |
| 18:44 | Construir | House |
| 18:47 | Construir | Palisade Wall |
| 18:49 | Construir | Palisade Wall |
| 19:04 | Construir | House |
| 19:29 | Construir | Palisade Wall |
| 19:37 | Construir | House |
| 20:11 | Construir | Town Center |
| 20:20 | Construir | Palisade Wall |
| 20:34 | Investigar | Double-Bit Axe |
| 21:10 | Investigar | Castle Age |
| 21:19 | Investigar | Horse Collar |
| 21:38 | Construir | Farm |
| 21:38 | Construir | Farm |
| 21:38 | Construir | Farm |
| 21:38 | Construir | Farm |
| 21:39 | Construir | Farm |
| 21:39 | Construir | Farm |
| 22:51 | Construir | Mill |
| 23:18 | Construir | Farm |
| 23:18 | Construir | Farm |
| 23:19 | Construir | Farm |
| 23:22 | Construir | Farm |
| 23:50 | Edad | Edad de los Castillos |
| 24:32 | Construir | Castle |
| 24:38 | Crear | Villager (Male) |
| 24:38 | Crear | Villager (Male) |
| 24:38 | Crear | Villager (Male) |
| 24:39 | Crear | Villager (Male) |
| 24:39 | Crear | Villager (Male) |
| 24:40 | Crear | Villager (Male) |
| 24:51 | Construir | House |
| 24:52 | Construir | House |
| 24:53 | Construir | House |
| 25:13 | Construir | House |
| 25:15 | Construir | House |
| 26:12 | Construir | Mining Camp |
| 26:21 | Investigar | Heavy Plow |
| 26:35 | Construir | Mining Camp |
| 26:37 | Investigar | Fletching |
| 26:39 | Crear | Conquistador |
| 26:39 | Crear | Conquistador |
| 26:39 | Crear | Conquistador |
| 26:39 | Crear | Conquistador |
| 27:15 | Crear | Conquistador |
| 27:16 | Crear | Conquistador |
| 27:16 | Crear | Conquistador |
| 27:58 | Crear | Conquistador |
| 27:59 | Crear | Conquistador |
| 27:59 | Crear | Conquistador |
| 29:02 | Crear | Conquistador |
| 29:02 | Crear | Conquistador |
| 29:03 | Crear | Conquistador |
| 29:03 | Crear | Conquistador |
| 29:21 | Construir | Town Center |
| 29:27 | Crear | Villager (Male) |
| 29:27 | Crear | Villager (Male) |
| 29:27 | Crear | Villager (Male) |
| 30:41 | Investigar | Bodkin Arrow |
| 30:55 | Crear | Conquistador |
| 30:55 | Crear | Conquistador |
| 31:08 | Crear | Villager (Male) |
| 31:08 | Crear | Villager (Male) |
| 31:23 | Crear | Villager (Male) |
| 31:23 | Crear | Villager (Male) |
| 31:23 | Crear | Villager (Male) |
| 31:52 | Construir | Stable |
| 31:56 | Crear | Villager (Male) |
| 31:57 | Crear | Villager (Male) |
| 31:57 | Crear | Villager (Male) |
| 32:38 | Investigar | Husbandry |
Build order — Sneg2442
Primeras 150 de 395 acciones detectadas
| 0:01 | Investigar | Loom |
| 0:02 | Crear | Villager (Male) |
| 0:02 | Crear | Villager (Male) |
| 0:05 | Construir | House |
| 0:09 | Construir | House |
| 0:49 | Crear | Villager (Male) |
| 0:49 | Crear | Villager (Male) |
| 1:53 | Crear | Villager (Male) |
| 2:41 | Construir | Lumber Camp |
| 2:52 | Crear | Villager (Male) |
| 2:53 | Crear | Villager (Male) |
| 3:14 | Crear | Villager (Male) |
| 3:35 | Crear | Villager (Male) |
| 4:14 | Construir | House |
| 4:17 | Crear | Villager (Male) |
| 5:05 | Crear | Villager (Male) |
| 5:12 | Crear | Villager (Male) |
| 5:29 | Crear | Villager (Male) |
| 5:31 | Crear | Villager (Male) |
| 5:38 | Crear | Villager (Male) |
| 5:46 | Crear | Villager (Male) |
| 6:00 | Crear | Villager (Male) |
| 6:26 | Construir | Mill |
| 6:34 | Crear | Villager (Male) |
| 6:47 | Crear | Villager (Male) |
| 7:05 | Construir | House |
| 7:17 | Crear | Villager (Male) |
| 7:40 | Construir | House |
| 8:11 | Construir | Palisade Wall |
| 8:24 | Construir | Barracks |
| 8:54 | Construir | Mining Camp |
| 9:31 | Crear | Villager (Male) |
| 9:34 | Construir | House |
| 9:54 | Crear | Villager (Male) |
| 9:55 | Investigar | Feudal Age |
| 10:15 | Construir | Palisade Wall |
| 10:38 | Crear | Militia |
| 10:39 | Crear | Militia |
| 10:53 | Construir | Palisade Wall |
| 11:19 | Crear | Militia |
| 11:54 | Construir | Farm |
| 11:54 | Construir | Farm |
| 11:54 | Construir | Farm |
| 11:55 | Construir | Farm |
| 12:42 | Crear | Villager (Male) |
| 12:45 | Construir | Archery Range |
| 12:48 | Construir | Palisade Wall |
| 13:00 | Crear | Villager (Male) |
| 13:11 | Construir | Farm |
| 13:13 | Crear | Villager (Male) |
| 13:17 | Investigar | Horse Collar |
| 13:35 | Construir | Archery Range |
| 13:39 | Crear | Skirmisher |
| 13:39 | Crear | Skirmisher |
| 13:41 | Crear | Villager (Male) |
| 13:47 | Crear | Villager (Male) |
| 13:56 | Construir | Outpost |
| 14:08 | Crear | Villager (Male) |
| 14:27 | Construir | House |
| 14:35 | Crear | Skirmisher |
| 14:41 | Construir | Farm |
| 14:43 | Construir | Farm |
| 15:02 | Construir | Farm |
| 15:24 | Construir | Palisade Gate |
| 15:38 | Crear | Villager (Male) |
| 15:40 | Crear | Villager (Male) |
| 15:44 | Construir | Farm |
| 15:47 | Construir | Farm |
| 16:14 | Construir | Outpost |
| 16:26 | Construir | Farm |
| 16:33 | Crear | Villager (Male) |
| 16:46 | Crear | Villager (Male) |
| 17:01 | Construir | House |
| 17:07 | Crear | Villager (Male) |
| 17:09 | Construir | Farm |
| 17:21 | Crear | Skirmisher |
| 17:21 | Crear | Skirmisher |
| 17:58 | Crear | Skirmisher |
| 17:58 | Crear | Skirmisher |
| 18:40 | Construir | Watch Tower |
| 18:51 | Construir | Farm |
| 18:58 | Construir | Market |
| 19:56 | Investigar | Castle Age |
| 20:17 | Construir | Blacksmith |
| 20:23 | Crear | Skirmisher |
| 20:23 | Crear | Skirmisher |
| 20:53 | Crear | Villager (Male) |
| 20:55 | Crear | Skirmisher |
| 20:56 | Crear | Skirmisher |
| 21:08 | Investigar | Padded Archer Armor |
| 21:09 | Investigar | Fletching |
| 21:32 | Investigar | Double-Bit Axe |
| 21:41 | Crear | Villager (Male) |
| 21:50 | Construir | Farm |
| 21:55 | Crear | Villager (Male) |
| 21:58 | Crear | Skirmisher |
| 21:58 | Crear | Skirmisher |
| 22:05 | Crear | Villager (Male) |
| 22:16 | Crear | Villager (Male) |
| 22:38 | Crear | Villager (Male) |
| 22:53 | Construir | Town Center |
| 23:13 | Investigar | Heavy Plow |
| 23:34 | Crear | Villager (Male) |
| 23:51 | Construir | Outpost |
| 24:04 | Construir | Siege Workshop |
| 24:10 | Investigar | Wheelbarrow |
| 24:21 | Crear | Villager (Male) |
| 24:25 | Crear | Villager (Male) |
| 24:47 | Construir | Farm |
| 24:51 | Crear | Villager (Male) |
| 25:07 | Investigar | Gold Mining |
| 25:11 | Construir | Farm |
| 25:27 | Crear | Villager (Male) |
| 25:36 | Construir | House |
| 25:40 | Crear | Villager (Male) |
| 26:17 | Crear | Mangonel |
| 26:30 | Crear | Villager (Male) |
| 26:33 | Investigar | Town Watch |
| 26:44 | Investigar | Elite Skirmisher (upgrade) |
| 27:05 | Crear | Villager (Male) |
| 27:05 | Crear | Villager (Male) |
| 27:11 | Construir | Farm |
| 27:16 | Construir | House |
| 27:24 | Crear | Villager (Male) |
| 27:49 | Crear | Villager (Male) |
| 27:50 | Crear | Villager (Male) |
| 27:55 | Crear | Villager (Male) |
| 28:10 | Construir | Town Center |
| 28:12 | Crear | Villager (Male) |
| 28:16 | Investigar | Bow Saw |
| 28:19 | Crear | Villager (Male) |
| 28:20 | Crear | Villager (Male) |
| 28:21 | Crear | Villager (Male) |
| 28:39 | Crear | Skirmisher |
| 28:39 | Crear | Skirmisher |
| 28:47 | Construir | House |
| 28:49 | Construir | House |
| 29:07 | Crear | Villager (Male) |
| 29:07 | Crear | Villager (Male) |
| 29:30 | Crear | Mangonel |
| 29:41 | Crear | Skirmisher |
| 29:42 | Crear | Skirmisher |
| 29:57 | Crear | Villager (Male) |
| 30:01 | Construir | Farm |
| 30:01 | Construir | Farm |
| 30:02 | Construir | Farm |
| 30:05 | Crear | Villager (Male) |
| 30:05 | Crear | Villager (Male) |
| 30:15 | Crear | Villager (Male) |
| 30:22 | Construir | House |
Build order — 节操
Primeras 150 de 309 acciones detectadas
| 0:03 | Crear | Villager (Male) |
| 0:04 | Crear | Villager (Male) |
| 0:04 | Crear | Villager (Male) |
| 0:04 | Crear | Villager (Male) |
| 0:04 | Crear | Villager (Male) |
| 0:04 | Crear | Villager (Male) |
| 0:14 | Construir | House |
| 0:17 | Construir | House |
| 0:23 | Construir | Mill |
| 0:43 | Construir | House |
| 0:46 | Construir | House |
| 2:02 | Crear | Villager (Male) |
| 2:02 | Crear | Villager (Male) |
| 2:02 | Crear | Villager (Male) |
| 2:28 | Crear | Villager (Male) |
| 2:51 | Crear | Villager (Male) |
| 2:51 | Crear | Villager (Male) |
| 3:21 | Crear | Villager (Male) |
| 3:21 | Crear | Villager (Male) |
| 3:22 | Crear | Villager (Male) |
| 3:55 | Crear | Villager (Male) |
| 4:21 | Crear | Villager (Male) |
| 4:22 | Crear | Villager (Male) |
| 4:40 | Crear | Villager (Male) |
| 4:40 | Crear | Villager (Male) |
| 5:02 | Crear | Villager (Male) |
| 5:02 | Crear | Villager (Male) |
| 5:03 | Crear | Villager (Male) |
| 5:03 | Crear | Villager (Male) |
| 5:45 | Crear | Villager (Male) |
| 5:58 | Construir | Lumber Camp |
| 6:08 | Crear | Villager (Male) |
| 6:08 | Crear | Villager (Male) |
| 6:08 | Crear | Villager (Male) |
| 6:53 | Construir | Palisade Wall |
| 7:07 | Crear | Villager (Male) |
| 7:19 | Construir | Palisade Wall |
| 7:30 | Construir | Palisade Gate |
| 7:40 | Crear | Villager (Male) |
| 8:12 | Crear | Villager (Male) |
| 8:45 | Construir | Palisade Wall |
| 8:55 | Crear | Villager (Male) |
| 9:02 | Construir | House |
| 9:27 | Crear | Villager (Male) |
| 9:44 | Construir | Palisade Wall |
| 9:50 | Crear | Villager (Male) |
| 10:05 | Construir | Mining Camp |
| 10:21 | Investigar | Feudal Age |
| 10:47 | Construir | Barracks |
| 11:31 | Construir | Palisade Wall |
| 12:00 | Construir | Farm |
| 12:07 | Construir | Farm |
| 12:09 | Crear | Militia |
| 12:10 | Crear | Militia |
| 12:10 | Crear | Militia |
| 12:10 | Crear | Militia |
| 12:17 | Construir | House |
| 12:18 | Construir | House |
| 12:21 | Construir | House |
| 12:31 | Construir | Farm |
| 12:31 | Edad | Edad Feudal |
| 12:32 | Construir | Farm |
| 12:37 | Investigar | Double-Bit Axe |
| 12:44 | Construir | House |
| 12:46 | Investigar | Man-at-Arms (upgrade) |
| 12:55 | Construir | Farm |
| 13:02 | Crear | Villager (Male) |
| 13:07 | Crear | Villager (Male) |
| 13:11 | Crear | Militia |
| 13:41 | Construir | Blacksmith |
| 14:03 | Investigar | Loom |
| 14:22 | Construir | Watch Tower |
| 14:28 | Crear | Militia |
| 14:30 | Crear | Spearman |
| 14:33 | Crear | Spearman |
| 14:51 | Crear | Spearman |
| 15:08 | Construir | Siege Workshop |
| 15:18 | Construir | House |
| 15:20 | Construir | House |
| 15:22 | Construir | House |
| 15:23 | Construir | House |
| 15:30 | Crear | Villager (Male) |
| 15:34 | Crear | Battering Ram |
| 15:52 | Construir | Farm |
| 16:01 | Construir | Farm |
| 16:10 | Crear | Militia |
| 16:11 | Crear | Militia |
| 16:11 | Crear | Militia |
| 16:16 | Investigar | Scale Mail Armor |
| 16:29 | Crear | Battering Ram |
| 16:29 | Crear | Battering Ram |
| 17:02 | Crear | Militia |
| 17:05 | Crear | Spearman |
| 17:08 | Crear | Battering Ram |
| 17:30 | Construir | House |
| 17:38 | Crear | Militia |
| 17:54 | Crear | Battering Ram |
| 18:10 | Investigar | Horse Collar |
| 18:20 | Construir | Farm |
| 20:54 | Investigar | Wheelbarrow |
| 20:59 | Investigar | Gold Mining |
| 22:36 | Investigar | Town Watch |
| 23:16 | Construir | Market |
| 24:20 | Investigar | Castle Age |
| 24:26 | Construir | House |
| 24:28 | Construir | House |
| 24:29 | Construir | House |
| 24:30 | Construir | House |
| 24:53 | Construir | Town Center |
| 25:13 | Construir | Palisade Wall |
| 25:26 | Construir | House |
| 25:30 | Construir | House |
| 25:58 | Investigar | Stone Mining |
| 26:10 | Construir | House |
| 26:12 | Construir | House |
| 26:13 | Construir | House |
| 26:15 | Construir | House |
| 26:16 | Construir | House |
| 26:17 | Construir | House |
| 26:19 | Construir | House |
| 26:21 | Construir | House |
| 26:22 | Construir | House |
| 26:23 | Construir | House |
| 26:24 | Construir | House |
| 26:25 | Construir | House |
| 26:26 | Construir | House |
| 26:35 | Crear | Villager (Male) |
| 26:35 | Crear | Villager (Male) |
| 26:35 | Crear | Villager (Male) |
| 26:36 | Crear | Villager (Male) |
| 26:36 | Crear | Villager (Male) |
| 26:45 | Construir | Farm |
| 26:46 | Construir | Farm |
| 26:47 | Construir | Farm |
| 26:48 | Construir | Farm |
| 26:49 | Construir | Farm |
| 26:50 | Construir | Farm |
| 26:51 | Construir | Farm |
| 27:00 | Edad | Edad de los Castillos |
| 27:04 | Construir | House |
| 27:05 | Construir | House |
| 27:06 | Construir | House |
| 27:07 | Construir | House |
| 27:14 | Crear | Villager (Male) |
| 27:14 | Crear | Villager (Male) |
| 27:15 | Crear | Villager (Male) |
| 27:15 | Crear | Villager (Male) |
| 27:46 | Construir | Lumber Camp |
| 28:27 | Construir | Farm |
| 28:39 | Crear | Villager (Male) |
Build order — Jenda1cz
Primeras 150 de 427 acciones detectadas
| 0:01 | Crear | Villager (Male) ×4 |
| 0:01 | Crear | Villager (Male) ×4 |
| 0:03 | Construir | House |
| 0:04 | Construir | House |
| 1:24 | Crear | Villager (Male) |
| 1:24 | Crear | Villager (Male) |
| 1:45 | Construir | Lumber Camp |
| 1:52 | Crear | Villager (Male) |
| 1:52 | Crear | Villager (Male) |
| 2:27 | Crear | Villager (Male) |
| 2:28 | Crear | Villager (Male) |
| 3:12 | Crear | Villager (Male) ×2 |
| 3:12 | Crear | Villager (Male) ×2 |
| 3:45 | Construir | House |
| 4:02 | Construir | Mill |
| 4:04 | Crear | Villager (Male) |
| 4:04 | Crear | Villager (Male) |
| 4:12 | Crear | Villager (Male) |
| 4:12 | Crear | Villager (Male) |
| 5:05 | Crear | Villager (Male) ×2 |
| 5:19 | Crear | Villager (Male) |
| 5:19 | Crear | Villager (Male) |
| 5:45 | Crear | Villager (Male) |
| 5:46 | Crear | Villager (Male) |
| 6:02 | Crear | Villager (Male) |
| 6:18 | Crear | Villager (Male) |
| 6:19 | Crear | Villager (Male) |
| 6:33 | Construir | Lumber Camp |
| 6:41 | Crear | Villager (Male) ×2 |
| 6:42 | Crear | Villager (Male) ×2 |
| 6:56 | Construir | House |
| 7:00 | Crear | Villager (Male) |
| 7:00 | Crear | Villager (Male) |
| 7:25 | Crear | Villager (Male) |
| 7:33 | Crear | Villager (Male) |
| 7:33 | Crear | Villager (Male) |
| 7:44 | Crear | Villager (Male) |
| 8:55 | Construir | Mining Camp |
| 9:24 | Investigar | Feudal Age |
| 9:24 | Investigar | Feudal Age |
| 9:26 | Crear | Villager (Male) |
| 9:26 | Crear | Villager (Male) |
| 9:28 | Investigar | Loom |
| 9:30 | Crear | Villager (Male) |
| 9:30 | Crear | Villager (Male) |
| 9:45 | Crear | Villager (Male) |
| 10:37 | Construir | House |
| 10:48 | Construir | Palisade Wall |
| 10:52 | Construir | Palisade Gate |
| 10:55 | Construir | Palisade Wall |
| 11:12 | Construir | Palisade Wall |
| 11:34 | Edad | Edad Feudal |
| 11:35 | Construir | Market |
| 11:38 | Construir | Blacksmith |
| 13:18 | Construir | House |
| 13:19 | Construir | House |
| 13:21 | Construir | Palisade Wall |
| 13:26 | Construir | Palisade Wall |
| 13:46 | Construir | Barracks |
| 14:22 | Investigar | Castle Age |
| 14:22 | Investigar | Castle Age |
| 14:26 | Construir | Farm |
| 14:26 | Construir | Farm |
| 14:28 | Construir | Farm |
| 14:29 | Construir | Farm |
| 14:30 | Construir | Farm |
| 14:31 | Construir | Farm |
| 14:32 | Investigar | Double-Bit Axe |
| 14:46 | Investigar | Horse Collar |
| 14:46 | Investigar | Horse Collar |
| 15:12 | Construir | Farm |
| 15:13 | Construir | Farm |
| 15:14 | Construir | Farm |
| 15:20 | Crear | Villager (Male) |
| 15:20 | Crear | Villager (Male) |
| 15:34 | Investigar | Scale Barding Armor |
| 15:34 | Investigar | Scale Barding Armor |
| 16:24 | Crear | Villager (Male) |
| 16:24 | Crear | Villager (Male) |
| 16:53 | Crear | Villager (Male) |
| 16:59 | Construir | Archery Range |
| 17:02 | Construir | Archery Range |
| 17:02 | Edad | Edad de los Castillos |
| 17:12 | Construir | Town Center |
| 17:33 | Crear | Villager (Male) |
| 17:34 | Crear | Villager (Male) |
| 18:00 | Crear | Villager (Male) |
| 18:00 | Crear | Villager (Male) |
| 18:01 | Crear | Villager (Male) |
| 18:07 | Crear | Villager (Male) |
| 18:07 | Crear | Villager (Male) |
| 18:07 | Crear | Villager (Male) |
| 18:25 | Crear | Villager (Male) |
| 18:26 | Crear | Villager (Male) |
| 18:32 | Construir | Farm |
| 18:35 | Construir | Farm |
| 18:37 | Crear | Villager (Male) |
| 18:38 | Crear | Villager (Male) |
| 18:41 | Crear | Cavalry Archer |
| 18:41 | Crear | Cavalry Archer |
| 18:47 | Crear | Cavalry Archer |
| 18:48 | Crear | Cavalry Archer |
| 18:52 | Crear | Cavalry Archer |
| 18:56 | Crear | Cavalry Archer |
| 18:56 | Crear | Cavalry Archer |
| 19:01 | Crear | Cavalry Archer |
| 19:41 | Investigar | Fletching |
| 19:41 | Investigar | Fletching |
| 19:44 | Investigar | Padded Archer Armor |
| 20:38 | Crear | Cavalry Archer |
| 21:08 | Crear | Cavalry Archer |
| 21:08 | Crear | Cavalry Archer |
| 21:21 | Crear | Cavalry Archer |
| 21:21 | Crear | Cavalry Archer |
| 22:13 | Crear | Cavalry Archer ×2 |
| 22:13 | Crear | Cavalry Archer ×2 |
| 22:24 | Construir | University |
| 22:43 | Crear | Cavalry Archer |
| 22:44 | Crear | Cavalry Archer |
| 22:48 | Construir | House |
| 22:53 | Construir | House |
| 22:54 | Construir | House |
| 22:55 | Construir | House |
| 22:55 | Construir | House |
| 22:55 | Construir | House |
| 22:55 | Construir | House |
| 22:56 | Construir | House |
| 22:56 | Construir | House |
| 23:03 | Investigar | Gold Mining |
| 23:04 | Investigar | Bow Saw |
| 23:05 | Investigar | Bow Saw |
| 23:06 | Crear | Villager (Male) |
| 23:07 | Crear | Villager (Male) |
| 23:07 | Crear | Villager (Male) |
| 23:07 | Crear | Villager (Male) |
| 23:08 | Crear | Villager (Male) |
| 23:08 | Crear | Villager (Male) |
| 23:08 | Crear | Villager (Male) |
| 23:42 | Crear | Villager (Male) |
| 23:42 | Crear | Villager (Male) |
| 23:42 | Crear | Villager (Male) |
| 23:43 | Crear | Cavalry Archer |
| 23:43 | Crear | Cavalry Archer |
| 23:54 | Crear | Cavalry Archer |
| 23:54 | Crear | Cavalry Archer |
| 24:07 | Construir | Town Center |
| 24:37 | Investigar | Ballistics |
| 24:37 | Investigar | Ballistics |
| 25:02 | Crear | Villager (Male) |
| 25:03 | Crear | Villager (Male) |
Cronología de la partida
| 6:53 | 节操 · wall_segment Palisade Wall x3 |
| 7:17 | 阿家 · wall_segment Palisade Wall x9 |
| 7:19 | 节操 · wall_segment Palisade Wall x9 |
| 7:52 | 阿家 · wall_segment Palisade Wall x9 |
| 7:54 | 阿家 · wall_segment Palisade Wall x8 |
| 8:00 | 阿家 · wall_segment Palisade Wall x1 |
| 8:01 | 阿家 · wall_segment Palisade Wall x1 |
| 8:03 | 阿家 · wall_segment Palisade Wall x13 |
| 8:11 | Sneg2442 · wall_segment Palisade Wall x4 |
| 8:24 | Sneg2442 · first_building Barracks |
| 8:45 | 节操 · wall_segment Palisade Wall x1 |
| 9:09 | 阿家 · wall_segment Palisade Wall x1 |
| 9:12 | 阿家 · wall_segment Palisade Wall x10 |
| 9:23 | Jan Žižka · first_building Barracks |
| 9:44 | 节操 · wall_segment Palisade Wall x14 |
| 9:49 | 阿家 · age_up feudal |
| 9:58 | san_siro · first_building Barracks |
| 10:15 | Sneg2442 · wall_segment Palisade Wall x12 |
| 10:20 | san_siro · wall_segment Palisade Wall x7 |
| 10:21 | san_siro · wall_segment Palisade Wall x1 |
| 10:23 | san_siro · wall_segment Palisade Wall x1 |
| 10:27 | Jan Žižka · wall_segment Palisade Wall x1 |
| 10:29 | 阿家 · wall_segment Palisade Wall x1 |
| 10:37 | san_siro · wall_segment Palisade Wall x4 |
| 10:42 | san_siro · wall_segment Palisade Wall x2 |
| 10:45 | san_siro · wall_segment Palisade Wall x4 |
| 10:46 | Jan Žižka · age_up feudal |
| 10:47 | 节操 · first_building Barracks |
| 10:48 | Jenda1cz · wall_segment Palisade Wall x7 |
| 10:53 | Sneg2442 · wall_segment Palisade Wall x10 |
| 10:55 | Jenda1cz · wall_segment Palisade Wall x6 |
| 10:57 | Jan Žižka · first_building Stable |
| 11:04 | san_siro · wall_segment Palisade Wall x11 |
| 11:10 | san_siro · wall_segment Palisade Wall x11 |
| 11:12 | Jenda1cz · wall_segment Palisade Wall x5 |
| 11:18 | 阿家 · first_building Barracks |
| 11:25 | san_siro · wall_segment Palisade Wall x9 |
| 11:31 | 节操 · wall_segment Palisade Wall x8 |
| 11:34 | Jenda1cz · age_up feudal |
| 11:38 | Jan Žižka · wall_segment Palisade Wall x1 |
| 12:04 | san_siro · age_up feudal |
| 12:13 | san_siro · first_building Stable |
| 12:13 | 阿家 · first_building Archery Range |
| 12:31 | 节操 · age_up feudal |
| 12:45 | Sneg2442 · first_building Archery Range |
| 12:48 | Sneg2442 · wall_segment Palisade Wall x1 |
| 12:50 | san_siro · wall_segment Palisade Wall x8 |
| 13:21 | Jenda1cz · wall_segment Palisade Wall x4 |
| 13:26 | Jenda1cz · wall_segment Palisade Wall x5 |
| 13:46 | Jenda1cz · first_building Barracks |
| 15:08 | 节操 · first_building Siege Workshop |
| 16:59 | Jenda1cz · first_building Archery Range |
| 17:02 | Jenda1cz · age_up castle |
| 18:47 | Jan Žižka · wall_segment Palisade Wall x1 |
| 18:49 | Jan Žižka · wall_segment Palisade Wall x1 |
| 19:29 | Jan Žižka · wall_segment Palisade Wall x2 |
| 20:20 | Jan Žižka · wall_segment Palisade Wall x1 |
| 20:23 | san_siro · age_up castle |
| 20:58 | san_siro · wall_segment Stone Wall x1 |
| 21:01 | san_siro · wall_segment Stone Wall x1 |
| 21:30 | san_siro · wall_segment Stone Wall x1 |
| 21:34 | 阿家 · first_market_buy 100 food |
| 22:27 | san_siro · first_building Archery Range |
| 22:49 | Sneg2442 · first_market_buy 100 stone |
| 23:50 | Jan Žižka · age_up castle |
| 24:04 | Sneg2442 · first_building Siege Workshop |
| 24:17 | 节操 · first_market_buy 100 food |
| 24:32 | Jan Žižka · first_building Castle |
| 24:44 | 阿家 · age_up castle |
| 24:55 | 阿家 · first_building Siege Workshop |
| 25:13 | 节操 · wall_segment Palisade Wall x11 |
| 25:29 | Jenda1cz · first_building Stable |
| 27:00 | 节操 · age_up castle |
| 27:22 | Jenda1cz · tribute_sent a jugador 1 |
| 27:22 | Jenda1cz · tribute_sent a jugador 2 |
| 27:22 | Jenda1cz · tribute_sent a jugador 3 |
| 27:22 | Jenda1cz · tribute_sent a jugador 4 |
| 27:22 | Jenda1cz · tribute_sent a jugador 5 |
| 27:48 | 阿家 · first_building Castle |
| 29:36 | Jenda1cz · first_building Castle |
| 29:39 | san_siro · first_building Castle |
| 29:42 | 节操 · first_building Castle |
| 30:35 | Sneg2442 · wall_segment Palisade Wall x1 |
| 31:17 | Sneg2442 · first_building Castle |
| 32:08 | Jenda1cz · first_market_buy 100 food |
| 35:20 | Sneg2442 · first_market_sell 100 wood |
| 35:52 | 阿家 · first_building Stable |
| 37:40 | 节操 · age_up imperial |
| 38:54 | 阿家 · first_building Monastery |
| 41:27 | Jenda1cz · age_up imperial |
| 42:33 | 阿家 · age_up imperial |
| 43:10 | Jan Žižka · tribute_sent a jugador 1 |
| 43:10 | Jan Žižka · tribute_sent a jugador 3 |
| 43:10 | Jan Žižka · tribute_sent a jugador 4 |
| 43:10 | Jan Žižka · tribute_sent a jugador 5 |
| 43:10 | Jan Žižka · tribute_sent a jugador 6 |
| 43:23 | Jenda1cz · tribute_sent a jugador 1 |
| 43:23 | Jenda1cz · tribute_sent a jugador 2 |
| 43:23 | Jenda1cz · tribute_sent a jugador 3 |
| 43:23 | Jenda1cz · tribute_sent a jugador 4 |
| 43:23 | Jenda1cz · tribute_sent a jugador 5 |
| 43:59 | san_siro · age_up imperial |
| 44:36 | Jan Žižka · age_up imperial |
| 47:23 | 阿家 · first_market_sell 100 wood |
| 47:50 | 节操 · resign |
[ ANÁLISIS IA · 1 CRÉDITO ]
¿Qué pasó realmente en esta partida?
Wolo.gg analiza cada decisión: build order, eco, micro, errores típicos por bracket. Análisis personalizado por WhatsApp o Discord en 30 segundos.
Guía civ
Shu
Guía mapa
Arabia
Perfil
Jugador #5115630